← All builds
Geo sea / Armada / Economy first / OBSERVED BUILD

Standard geo sea

The role's normal opening: bot lab then shipyard in the cove, an early submarine and destroyer to contest the sea, and a geothermal around 7:45 to fund the transition into destroyers, fast assault corvettes and assault frigates.

Usually shipyard in the cove (87%)

#naval #eco · 693 distinct matches · 101 players · 81% of Armada Geo sea games · team won 54% of 741 · Recently observed

HOW TO PLAY IT

Key timing: Shipyard by 3:13

  1. Open 3 mex and wind into Bot Lab.
  2. Put up Shipyard with naval turret and BP for defense.
  3. Send out "submarine" then "destroyer" to contest the sea.
  4. Bring geothermal online to fund the fleet.
  5. Add Advanced Metal Extractor as the economy transitions.

Phase by phase

TYPICAL OF ITS 693 GAMES
  1. 1
  2. 2
  3. 3
  4. 4
PLAY THE OPENING

Follow the example game's first 6:00 step by step: what to build now, what comes next, and where it goes. At 1× it keeps pace with your own game.

  1. 1

    Up to the Bot Lab

    Economy
    • Metal Extractor3Mex
    • Wind Turbine3Wind
    Order
    1. Bot LabBot Lab after 3 mex, 3 winddone ~1:12, middle half 1:06–1:18

    Some games also: wind for allies (45%)

    By 0:55 in all: 3 mex · 3 wind

    The example game in this phase · 4 steps
    1. Mex ×2
    2. Wind
    3. Solar
    4. Bot LabBot Labdone 0:51 · typical 1:12
  2. 2

    Bot Lab to Shipyard

    Economy
    • Metal Extractor1Mex
    • Wind Turbine1Wind
    Order
    1. ShipyardShipyard after 4 mex, 4 winddone ~3:11, middle half 2:50–3:36
    Builders
    • Construction Bot3 Con bot
    • Lazarus2 Lazarus

    Some games also: pawn (45%) · con turret (37%) · crossbow (35%)

    By 2:48 in all: 4 mex · 4 wind

    The example game in this phase · 14 steps
    1. Construction BotCon bot
    2. LazarusLazarus
    3. Mex
    4. Wind ×2for Air
    5. Wind
    6. Mex
    7. Construction BotCon bot
    8. Wind ×3
    9. LazarusLazarus
    10. Construction BotCon bot ×2
    11. Mex
    12. Construction BotCon bot ×3
    13. Mex
    14. ShipyardShipyarddone 3:21 · typical 3:11
  3. 3

    Shipyard to 5:00

    Economy
    • Metal Extractor4Mex
    • Wind Turbine1Wind
    Builders
    • Construction Ship1 Con ship
    Army
    • Dolphin3 Dolphin
    • Skater1 Skater
    • Corsair1 Destroyer
    Other
    • Radar Tower1 Radar Tower

    Some games also: Sentry (45%) · submarine (44%) · con turret (32%) · converter (31%) · pawn (31%)

    By 5:00 in all: 8 mex · 7 wind · 1 energy storage · 1 con turret

    The example game in this phase · 28 steps
    1. Construction BotCon bot ×2
    2. DolphinDolphin
    3. SentrySentry
    4. DolphinDolphin
    5. Construction ShipCon ship
    6. Converter
    7. Wind
    8. Naval Construction Turret
    9. Geothermal PowerplantGeodone 5:50 · typical 7:40
    10. Wind
    11. Converter
    12. Mex
    13. Wind ×2
    14. SentrySentry
    15. AnemoneAnemone
    16. Wind
    17. Converter
    18. Wind
    19. Construction ShipCon ship
    20. Wind
    21. Converter
    22. Wind
    23. Construction ShipCon ship
    24. Wind
    25. Converter
    26. Wind
    27. Naval Construction Turret
    28. Mex
  4. 4

    5:00 to 10:00

    Economy
    • Metal Extractor2Mex
    • Wind Turbine12Wind
    • Energy Converter2Converter
    Builders
    • Construction Turret1 Con turret
    • Construction Ship1 Con ship
    • Grim Reaper1 Grim Reaper
    Army
    • Sentry1 Sentry
    • Dolphin5 Dolphin
    • Corsair2 Destroyer
    • Skater2 Skater

    Some games also: Radar Tower (49%) · frigate (41%) · geo (39%) · Harpoon (39%) · Naval Construction Turret (33%)

    By 10:00 in all: 11 mex · 19 wind · 1 geo · 4 converter · 1 energy storage · 2 con turret

    The example game in this phase · 167 steps
    1. DolphinDolphin
    2. Wind ×2
    3. Converter
    4. DolphinDolphin
    5. Mex
    6. Wind ×2
    7. DolphinDolphin
    8. Converter
    9. EllysawFrigate
    10. Wind ×2
    11. Converter
    12. SkaterSkater
    13. Wind
    14. CorsairDestroyerdone 6:35 · typical 5:33
    15. Wind
    16. Converter
    17. Wind ×2
    18. Converter
    19. Wind
    20. HarpoonHarpoon
    21. Wind
    22. Converter
    23. Advanced Metal ExtractorT2 mexdone 7:45 · typical 9:17
    24. DolphinDolphin
    25. Wind
    26. SentrySentry
    27. Wind
    28. Converter
    29. Wind
    30. DolphinDolphin
    31. Mex
    32. NettleNettle
    33. Wind ×2
    34. Converter
    35. DolphinDolphin
    36. Wind
    37. EllysawFrigate
    38. Wind
    39. Converter
    40. Wind ×2
    41. Advanced Metal ExtractorT2 mex
    42. SkaterSkater
    43. Converter
    44. Wind
    45. CorsairDestroyer
    46. Wind
    47. Radar TowerRadar Tower
    48. Wind ×2
    49. Advanced Metal ExtractorT2 mex
    50. Wind ×3
    51. DolphinDolphin
    52. Wind ×2
    53. DolphinDolphin
    54. Wind
    55. DolphinDolphin
    56. Naval Construction Turret
    57. Wind ×2
    58. EllysawFrigate
    59. Advanced Metal ExtractorT2 mex
    60. Wind
    61. Naval Construction Turret
    62. Mex
    63. Wind ×2
    64. SkaterSkater
    65. Naval Construction Turret
    66. Wind
    67. CorsairDestroyer
    68. Wind
    69. Naval Construction Turret
    70. Naval Radar / Sonar TowerNaval Radar / Sonar Tower
    71. Wind
    72. Naval Construction Turret
    73. Wind
    74. Grim ReaperGrim Reaper
    75. Wind
    76. Grim ReaperGrim Reaper
    77. Naval Construction Turret
    78. Advanced Metal ExtractorT2 mex
    79. Wind
    80. Grim ReaperGrim Reaper
    81. Wind
    82. DolphinDolphin ×3
    83. Wind
    84. EllysawFrigate
    85. SkaterSkater
    86. Wind
    87. CorsairDestroyer
    88. Seaplane PlatformSeaplane Platformdone 11:09
    89. Advanced Metal ExtractorT2 mex
    90. DolphinDolphin
    91. SkaterSkater
    92. Wind
    93. Naval Construction Turret
    94. Wind
    95. SabreSabre
    96. Wind
    97. SabreSabre
    98. Mex
    99. Naval Construction Turret
    100. SabreSabre
    101. Wind
    102. SabreSabre
    103. Mex
    104. SabreSabre ×5
    105. Advanced Geothermal PowerplantAdvanced Geothermal Powerplantdone 13:32
    106. SabreSabre
    107. SkaterSkater ×2
    108. Naval NettleNaval Nettle
    109. SkaterSkater ×2
    110. Naval NettleNaval Nettle
    111. SkaterSkater ×2
    112. Advanced ShipyardAdvanced Shipyarddone 13:26
    113. Naval NettleNaval Nettle
    114. SkaterSkater
    115. Wind
    116. SkaterSkater ×2
    117. Wind
    118. SkaterSkater ×2
    119. Wind
    120. SkaterSkater
    121. SabreSabre
    122. SkaterSkater
    123. Wind
    124. SabreSabre
    125. Grim ReaperGrim Reaper
    126. Advanced Construction SubAdvanced Construction Sub
    127. Wind
    128. DreadnoughtBattleshipnot finished by 15:00
    129. SabreSabre
    130. Converter
    131. PaladinCruiserdone 13:56
    132. Wind
    133. Grim ReaperGrim Reaper
    134. Wind
    135. Converter
    136. SabreSabre
    137. Wind
    138. Grim ReaperGrim Reaper
    139. Converter
    140. SabreSabre
    141. Wind
    142. PaladinCruiser
    143. Con turret
    144. Naval Construction Turret
    145. Converter
    146. Wind
    147. SabreSabre
    148. Fusion ReactorFusionnot finished by 15:00
    149. Converter
    150. Wind
    151. SabreSabre
    152. Naval Construction Turret
    153. Bot LabBot Labdone 14:37
    154. Converter
    155. Wind
    156. SabreSabre
    157. Wind
    158. Converter
    159. PaladinCruiser
    160. Wind
    161. Converter
    162. SabreSabre
    163. Wind
    164. Converter
    165. SabreSabre
    166. Wind
    167. Converter

Counts are medians over the build's games: half of them build more, half fewer. The example game is Cokeado's (37 OS, 27/09/2026); pick another.

Team trades

IN AT LEAST 30% OF ITS GAMES

You hand over

  • Wind Turbine2 Wind to Airfirst at 1:41 · in 63% of games

You get

  • Finch1 Finch from Airfirst at 1:51 · in 75% of games
  • Hercules1 Light transport from Airfirst at 2:04 · in 65% of games
  • Advanced Construction Bot1 T2 con bot from Techfirst at 7:42 · in 89% of games

How it plays out

Typical game of this build, running totals by minute

Metal produced

010k20k30k
0:005:0010:0015:00

metal

Enemy metal destroyed

05k10k
0:005:0010:0015:00

metal

Own metal lost

02.5k5k7.5k
0:005:0010:0015:00

metal

741 games.

Show as table
ByMetal produced: This buildEnemy metal destroyed: This buildOwn metal lost: This build
1:0039500
2:0092800
3:00160700
4:002932051
5:00414717574
6:005548540325
7:0071051003651
8:00875417801049
9:001064625511666
10:001294434762256
11:001568346973140
12:001869357553865
13:002202969034733
14:002570080755602
15:002911091726665
WHAT THE NUMBERS SAY

Standard Armada geo sea nearly matches Cortex's economy numbers but wins slightly more often at 53%.

  • + Metal produced reaches 28785 by 15:00, the highest of the sea builds
  • + Own metal lost of 6895 stays well under enemy metal destroyed's 9048
  • − Geothermal only lands in 58% of games by 7:34
  • − T2 factory completes in only 40% of games by 12:43
THE EXAMPLE YOU ARE READING

Cokeado

37.3 OS · 27/09/2026

Open source match ↗

14 received units · includes a constructor
630 metal received · 16449 energy received

Allied construction assistance is unknown. Timings are observations, not a promise of solo reproducibility.

Typical milestones

Bot Lab1:12Middle 50%: 1:06–1:18 · n=719
Shipyard3:11Middle 50%: 2:50–3:36 · n=732
Eel4:22Middle 50%: 3:41–5:37 · n=441
Corsair5:33Middle 50%: 4:48–6:34 · n=685
Geothermal Powerplant7:40Middle 50%: 6:45–9:04 · n=458
Advanced Metal Extractor9:17Middle 50%: 8:36–10:07 · n=645

Played most by

Optimusprimenutt50games of this buildKingBenjai49games of this buildhaaven39games of this buildHummell33games of this build_X_31games of this build